 Dungeon Crawl Stone Soup version 0.32-a0-898-g7811c86cf0 (webtiles) character file.

Game seed: 3356501656917106744

1680 jasper the Cleaver (level 8, -2/96 HPs)
             Began as a Minotaur Fighter on Apr 4, 2024.
             Was a Believer of Okawaru.
             Slain by an orc priest
             ... wielding a +0 hand axe
              (4 damage)
             ... on level 7 of the Dungeon.
             The game lasted 00:08:16 (5804 turns).

jasper the Cleaver (Minotaur Fighter)               Turns: 5804, Time: 00:08:16

Health: -2/96      AC: 16    Str: 18    XL:     8   Next: 70%
Magic:  16/16      EV:  4    Int:  5    God:    Okawaru [**....]
Gold:   413        SH:  4    Dex: 13    Spells: 7/7 levels left

rFire   . . .        a - +1 war axe
rCold   + . .        c - +0 buckler
rNeg    + + .        x - +0 plate armour
rPois   .            (helmet restricted)
rElec   .            d - +2 cloak
rCorr   .            (no gloves)
SInv    .            q - +1 pair of boots
Will    .....        (no amulet) Stlth
                     t - ring "Liass" {rC+ rN++ MP+9 Str-4 Dex+2}
HPRegen 0.36/turn    (no ring)
MPRegen 0.15/turn

%: no passive effects
@: berserking, studying Shields, very quick
A: horns 2, retaliatory headbutt
a: Renounce Religion, Heroism


You were on level 7 of the Dungeon.
You worshipped Okawaru.
Okawaru was pleased with you.
You visited 2 branches of the dungeon, and saw 8 of its levels.

You collected 413 gold pieces.

Inventory:

Hand Weapons
 a - a +1 war axe (weapon)
 u - a +0 dagger of venom
 v - a +0 flail
Missiles
 e - 67 stones (quivered)
 g - 11 poisoned darts
 i - 4 javelins
Armour
 b - a +0 scale mail
 c - a +0 buckler (worn)
 d - a +2 cloak (worn)
 q - a +1 pair of boots (worn)
 x - a +0 plate armour (worn)
 C - a +3 scale mail
Jewellery
 r - a ring of fire
 t - the ring "Liass" (left hand) {rC+ rN++ MP+9 Str-4 Dex+2}
   (You found it on level 4 of the Dungeon)

   [ring of magical power]

   Str-4:     It affects your strength (-4).
   Dex+2:     It affects your dexterity (+2).
   rC+:       It protects you from cold.
   rN++:      It greatly protects you from negative energy.
   MP+9:      It affects your magic capacity (+9).
 B - a ring of positive energy
Scrolls
 f - a scroll of immolation
 k - a scroll of enchant weapon
 l - 2 scrolls of noise
 n - 3 scrolls of amnesia
 o - 3 scrolls of vulnerability
 s - 2 scrolls of revelation
 w - a scroll of fear
Potions
 h - 6 potions of curing
 j - a potion of resistance
 m - 3 potions of attraction
 p - a potion of magic
 D - a potion of brilliance


   Skills:
 - Level 3.6 Fighting
 + Level 13.3 Axes
 - Level 3.6 Armour
 - Level 3.6 Shields


You had 7 spell levels left.
You didn't know any spells.
Your spell library contained the following spells:

 Spells                   Type           Power      Damage    Failure   Level
 Freeze                   Ice            0%         1d3       100%        1
 Necrotise                Necr           0%         1d4       100%        1
 Frozen Ramparts          Ice            0%         1d1       100%        3
 Hailstorm                Conj/Ice       0%         3d5       100%        3
 Sigil of Binding         Hex            0%         N/A       100%        3
 Stone Arrow              Conj/Erth      0%         3d7       100%        3
 Vampiric Draining        Necr           0%         2d6       100%        3
 Dimensional Bullseye     Hex/Tloc       0%         N/A       100%        4
 Curse of Agony           Necr           0%         N/A       100%        5
 Lehudib's Crystal Spear  Conj/Erth      0%         10d2      100%        8
 Call Canine Familiar     Summ           Unusable   N/A       N/A         3
 Animate Armour           Summ/Erth      Unusable   N/A       N/A         4
 Martyr's Knell           Necr/Summ      Unusable   N/A       N/A         4

Dungeon Overview and Level Annotations

Branches:
Dungeon (7/15)             Temple (1/1) D:5

Altars:
Ashenzari
Cheibriados
Dithmenos
Elyvilon
Fedhas
Gozag
Hepliaklqana
Makhleb
Nemelex Xobeh
Okawaru
Qazlal
Ru
Sif Muna
Trog
Uskayaw
Vehumet
Wu Jian
Xom
Yredelemnul
Zin
The Shining One

Annotations:
D:7 Joseph
Temple 2 transporters


Innate Abilities, Weirdness & Mutations

You have a pair of horns on your head.
You reflexively headbutt those who attack you in melee.


Message History

You feel a bit more experienced.
You closely miss the orc. The orc hits you with a +0 club.
The orc warrior hits you but does no damage.
You take 2 damage, and have 33/64 hp.
The orc warrior barely misses you.
Things that are here:
a +1 dagger of flaming; a +0 robe; an orc corpse You hit the orc warrior.
You headbutt the orc warrior.
The orc warrior is moderately wounded.
You closely miss the orc.
The orc warrior hits you with a +0 halberd!
The orc hits you but does no damage.
You take 6 damage, and have 27/64 hp.
You hit the orc warrior but do no damage.
Your headbutt misses the orc warrior.
The orc warrior is moderately wounded.
You slash the orc!
You kill the orc!
Okawaru accepts your kill.
The orc warrior hits you with a +0 halberd!
* * * LOW HITPOINT WARNING * * *
The orc priest calls upon Beogh to heal the orc warrior.
The orc warrior is healed somewhat.
You take 13 damage, and have 14/64 hp.
MASSIVE DAMAGE!!
A red film seems to cover your vision as you go berserk!
You feel yourself moving faster!
You feel mighty!
An orc comes into view. It is wielding a +0 dagger.
The orc warrior hits you with a +0 halberd.
* * * LOW HITPOINT WARNING * * *
You now have 15/96 hp.
You hit the orc warrior. Your headbutt misses the orc warrior.
The orc warrior is moderately wounded.
The orc warrior hits you with a +0 halberd!
* * * LOW HITPOINT WARNING * * *
You take 13 damage, and have 2/96 hp.
You slice the orc warrior!! You headbutt the orc warrior.
You kill the orc warrior!
Okawaru accepts your kill.
The orc priest hits you with a +0 hand axe.
You die...

#......#####..###
#..#..## ...##
#..#...##.# ##
###....#....#
#.##.....##....#
#.....o.#...##...
#...#)#.....)###..
....#
#)###.##....## ...
#@# #.# ###.. ..
#o# #.# # #.# ..#
... ### ###


You could see an orc priest and an orc.

Vanquished Creatures
  A sky beast (D:7)
  Duvessa (D:5)
  An orc warrior (D:7)
  2 black bears (D:5)
  A centaur (D:5)
  2 bullfrogs (D:6)
  2 scorpions
  Dowan (D:5)
  2 howler monkeys
  A bombardier beetle (D:4)
  3 orc priests
  4 jellies (D:5)
  Crazy Yiuf (D:5)
  A hound (D:5)
  A gnoll bouda (D:5)
  3 iguanas
  2 sleepcaps
  3 orc wizards
  7 adders
  3 shadow imps
  A white imp (D:5)
  2 ufetubi (D:7)
  5 dart slugs
  10 orcs
  8 endoplasms
  2 giant cockroaches
  10 hobgoblins
  5 jackals
  10 kobolds
  4 quokkas
  7 ball pythons
  12 bats
  5 frilled lizards
  10 goblins
  3 rats
136 creatures vanquished.

Notes
Turn   | Place    | Note
-------+----------+-------------------------------------------
     0 | D:1      | jasper the Minotaur Fighter began the quest for the Orb.
     0 | D:1      | Reached XP level 1. HP: 19/19 MP: 0/0
   111 | D:1      | Reached skill level 3 in Axes
   157 | D:1      | Reached XP level 2. HP: 26/26 MP: 1/1
   406 | D:1      | Reached skill level 4 in Axes
   717 | D:2      | Reached XP level 3. HP: 31/31 MP: 2/2
  1202 | D:2      | Reached skill level 5 in Axes
  1349 | D:2      | Reached XP level 4. HP: 31/39 MP: 3/3
  1760 | D:3      | Noticed a +0 dagger
  1760 | D:3      | Noticed a +0 short sword
  1760 | D:3      | Noticed a +0 dagger
  1761 | D:3      | Noticed a +0 short sword
  1761 | D:3      | Noticed a +0 spear
  1762 | D:3      | Noticed a +0 falchion
  1762 | D:3      | Noticed a +0 falchion
  1763 | D:3      | Noticed a +0 spear
  1765 | D:3      | Found a hide-covered altar of Uskayaw.
  2214 | D:3      | Reached skill level 6 in Axes
  2668 | D:4      | Reached XP level 5. HP: 11/45 MP: 4/4
  2932 | D:4      | Reached skill level 7 in Axes
  3134 | D:4      | Identified the ring "Liass" {rC+ rN++ MP+9 Str-4 Dex+2}
  3653 | D:5      | Entered Level 5 of the Dungeon
  3726 | D:5      | Noticed a centaur
  3734 | D:5      | Killed a centaur
  3735 | D:5      | Reached skill level 8 in Axes
  3735 | D:5      | Reached XP level 6. HP: 38/51 MP: 5/5
  3821 | D:5      | Found a staircase to the Ecumenical Temple.
  3832 | Temple   | Found a transporter.
  3832 | Temple   | Found a transporter.
  3832 | Temple   | Found a transporter.
  3832 | Temple   | Found a transporter.
  3832 | Temple   | Entered the Ecumenical Temple
  3845 | Temple   | Became a worshipper of Warmaster Okawaru
  3984 | D:5      | Noticed Duvessa
  3984 | D:5      | Noticed Dowan
  4014 | D:5      | Killed Dowan
  4015 | D:5      | Reached skill level 9 in Axes
  4017 | D:5      | Reached XP level 7. HP: 57/57 MP: 6/6
  4024 | D:5      | Found a burning altar of Makhleb.
  4109 | D:5      | Killed Duvessa
  4138 | D:5      | Reached * piety under Okawaru
  4224 | D:5      | Reached skill level 10 in Axes
  4572 | D:5      | Reached skill level 11 in Axes
  4577 | D:5      | Reached XP level 8. HP: 48/64 MP: 7/7
  4803 | D:5      | Found a runed translucent door.
  4804 | D:5      | Noticed Crazy Yiuf
  4958 | D:5      | Killed Crazy Yiuf
  5239 | D:6      | Reached skill level 12 in Axes
  5765 | D:7      | Reached skill level 13 in Axes
  5770 | D:7      | Noticed Joseph
  5802 | D:7      | HP: 2/96 [orc warrior/+0 halberd (14)]
  5803 | D:7      | Reached ** piety under Okawaru
  5804 | D:7      | Slain by an orc priest

Illustrated notes

Levels and vault maps discovered:
D:1:      dpeg_arrival_leaves_temple_mockup, layout_rooms
D:2:      layout_basic, minmay_divided_ellipse
D:3:      layout_basic, nicolae_uskayaw_en_pointe
D:4:      layout_loops_corners, guppyfry_early_lair_pool
D:5:      minmay_opposing_rooms, layout_loops_ring, lemuel_tele_altar,
          minmay_temple_entry_overgrown, minmay_manual_monstrance,
          uniq_crazy_yiuf_cottage, uniq_duvessa
D:6:      layout_basic
D:7:      layout_rooms, regret_index_kikubaaqudgha_part_by_part,
          nicolae_figureground_pulse, uniq_joseph, uniq_jeremiah
Temple:   hellmonk_temple_divided_pantheon

Skill      XL: |  1  2  3  4  5  6  7  8 |
---------------+-------------------------+-----
Axes           | 3 4 5 6 8 9 11 13 | 13.3
Fighting       | |  3.6
Armour         | |  3.6
Shields        | |  3.6

Action                     |  1- 3 |  4- 6 |  7- 9 || total
---------------------------+-------+-------+-------++-------
  Melee: War axe           |    96 |   118 |   112 ||   326
         Headbutt          |     7 |    16 |    20 ||    43
  Throw: Javelin           |       |     3 |       ||     3
         Dart              |       |       |     3 ||     3
         Stone             |       |       |     2 ||     2
    Use: Scroll            |       |    13 |     5 ||    18
         Potion            |       |       |     5 ||     5
 Armour: Scale mail        |    96 |    70 |       ||   166
         Plate armour      |       |    22 |   108 ||   130
  Dodge: Dodged            |    55 |    51 |    13 ||   119
  Block: Buckler           |    21 |    38 |    25 ||    84

Table legend: (Time is in decaauts)
 A = Elapsed time spent in this place.
 B = Non-inter-level travel time spent in this place.
 C = Inter-level travel time spent in this place.
 D = Time resting spent in this place.
 E = Time spent auto-exploring this place.
 F = Levels seen in this place.
 G = Mean time per level.
                   A        B        C        D        E       F      G
               +--------+--------+--------+--------+--------+-----+--------+
         Total |   5874 |   5625 |    249 |    283 |   4215 |   8 |  734.2 |
       Dungeon |   5846 |   5606 |    240 |    283 |   4215 |   7 |  835.1 |
        Temple |     27 |     18 |      9 |      0 |      0 |   1 |   27.0 |
               +--------+--------+--------+--------+--------+-----+--------+

Top non-repeatable levels by time:
     D:5: 1501 daAuts
     D:2: 1163 daAuts
     D:4: 1102 daAuts
     D:3: 888 daAuts
     D:1: 573 daAuts
     D:6: 485 daAuts
     D:7: 132 daAuts
  Temple: 27 daAuts
